 Dungeon Crawl Stone Soup version 0.32-a0-314-g526f7d4993 (webtiles) character file.

Game seed: 1211667949380519552

1338 BerryKnight the Covered (level 8, -7/57 HPs)
             Began as a Mountain Dwarf Alchemist on Feb 15, 2024.
             Succumbed to poison
             ... on level 5 of the Dungeon on Feb 16, 2024.
             The game lasted 00:19:55 (2532 turns).

BerryKnight the Covered (Mountain Dwarf Alchemist)  Turns: 2532, Time: 00:19:55

Health: -7/57      AC: 13    Str: 13 (14) XL:     8   Next: 35%
Magic:  3/13       EV:  7    Int: 13 (15) God:
Gold:   166        SH:  0    Dex:  8 (10) Spells: 7/14 levels left

rFire   + . .        n - +0 flail (protect)
rCold   . . .        (no shield)
rNeg    . . .        j - +2 chain mail {rF+}
rPois   .            m - +0 helmet
rElec   .            (no cloak)
rCorr   .            (no gloves)
SInv    .            (no boots)
Will    .....        (no amulet) Stlth
                     (no ring)
HPRegen 0.29/turn    (no ring)
MPRegen 0.13/turn

%: no passive effects
@: brilliant, lethally poisoned (-7 -> -38), very slightly contaminated,
invisible (expiring)
A: runic magic, artefact enchanting
a: no special abilities


You were on level 5 of the Dungeon.
You visited 1 branch of the dungeon, and saw 5 of its levels.
You also visited: Ossuary.

You collected 166 gold pieces.

Inventory:

Hand Weapons
 c - a +0 rapier
 l - a +3 sling
 n - a +0 flail of protection (weapon)
 y - a +0 war axe
Missiles
 g - 9 boomerangs
 h - 4 poisoned darts
Armour
 j - a +2 chain mail of fire resistance (worn)
 m - a +0 helmet (worn)
 s - an orb of mayhem
Scrolls
 i - a scroll of poison
 k - a scroll of fog
 o - a scroll of blinking
 q - 5 scrolls of vulnerability
 w - a scroll of teleportation {unknown}
 x - a scroll of fear {unknown}
Potions
 a - a potion of heal wounds {unknown}
 b - a potion of magic
 d - 2 potions of resistance
 e - a potion of attraction
 f - a potion of haste
 p - a potion of degeneration
 u - 2 potions of brilliance


   Skills:
 * Level 6.1 Armour
 - Level 2.0 Dodging
 - Level 1.4 Stealth
 + Level 3.9 Spellcasting
 - Level 2.4 Conjurations
 * Level 5.6 Fire Magic
 - Level 1.0 Air Magic
 - Level 4.0 Alchemy


You had 7 spell levels left.
You knew the following spells:

 Your Spells              Type           Power      Damage    Failure   Level
a - Sting                 Conj/Alch      64%        1d7       11%         1
b - Mercury Vapours       Alch/Air       26%        N/A       22%         2
c - Sticky Flame          Fire/Alch      22%        2d6       50%         4

Your spell library contained the following spells:

 Spells                   Type           Power      Damage    Failure   Level
 Magic Dart               Conj           52%        1d5       16%         1
 Inner Flame              Hex/Fire       14%        N/A       36%         3
 Slow                     Hex            12%        N/A       38%         1
 Mephitic Cloud           Conj/Alch/Air  13%        N/A       41%         3
 Blink                    Tloc           6%         N/A       54%         2
 Call Imp                 Summ           6%         N/A       54%         2
 Lesser Beckoning         Tloc           6%         N/A       54%         2
 Sublimation of Blood     Necr           3%         N/A       54%         2
 Flame Wave               Conj/Fire      19%        2d7       61%         4
 Olgreb's Toxic Radiance  Alch           19%        N/A       63%         4
 Confusing Touch          Hex            3%         N/A       77%         3
 Fugue of the Fallen      Necr           3%         N/A       77%         3
 Gell's Gravitas          Tloc           3%         N/A       77%         3
 Ozocubu's Armour         Ice            3%         N/A       77%         3
 Sigil of Binding         Hex            3%         N/A       77%         3
 Teleport Other           Tloc           3%         N/A       77%         3
 Vampiric Draining        Necr           3%         2d6       77%         3
 Petrify                  Alch/Erth      11%        N/A       88%         4
 Irradiate                Conj/Alch      8%         3d14      97%         5
 Manifold Assault         Tloc           3%         N/A       99%         4
 Dispersal                Tloc           1%         N/A       100%        6
 Eringya's Noxious Bog    Alch           9%         4d6       100%        6
 Summon Cactus Giant      Summ           1%         N/A       100%        6


Dungeon Overview and Level Annotations

Branches:
Dungeon (5/15)            Ossuary (visited)
 Temple: D:4-7

Altars:
The Shining One

Shops:
D:2 [


Innate Abilities, Weirdness & Mutations

Your spellcasting is much less encumbered by armour.
You can use scrolls of enchantment on lesser artefacts.


Message History

You feel less wooden.
Your +0 helmet unmelds from your body.
Your +2 chain mail of fire resistance unmelds from your body.
You feel resistant to fire.
You start resting.
Your extra speed is starting to run out.
Items here: )) [ †††.
Things that are here:
a +0 hand axe; a +0 chain mail; a +0 trident
Press: ? - help, v - describe, . - travel, g - get item
Items here: )) [ †††.
The floor.
Unknown command.
A white imp comes into view.
Items here: )) [ †††.
The white imp shouts, "Admit defeat, thou warped fault-botching slabber!"
The white imp gestures at you. The puff of frost hits you!
* * * LOW HITPOINT WARNING * * *
Unknown command.
a - a black potion Unknown command.
You feel yourself slow down.
Casting: Sting (safe; 11% risk of failure)
Confirm with . or Enter, or press ? or * to list all spells.
You can't see any susceptible monsters within range! (Use Z to cast anyway.) Unknown command.
The white imp gestures at you. The puff of frost hits you!
* * * LOW HITPOINT WARNING * * *
Casting: Sting (safe; 11% risk of failure)
Confirm with . or Enter, or press ? or * to list all spells.
Aiming: Sticky Flame (quite dangerous; 50% risk of failure)
Press: ? - help, Shift-Dir - straight line, f - white imp
Aim: a white imp (unable to see you)
You feel a surge of power!
You miscast Sticky Flame.
Mercury flows from your hands.
You are lethally poisoned!
You flicker for a moment.
You die...

..## #..........# .##
#..#.......## ##
#####..#........
###......#.......#
#........#.#.S...#
######...#####..###...#
........## # #.####?..#
######### .#.##.#.....#
# ..##.@.....#
#..##5.#### #>.##).#
..##).#.# ##. #.#..# #
#...## #####


You could see a white imp (unable to see you).

Vanquished Creatures
  Duvessa (D:4)
  A black bear (D:5)
  An orc warrior (D:5)
  An ogre (D:5)
  Dowan (D:4)
  2 electric eels (D:3)
  5 orc priests
  2 spectral scorpions (Ossuary)
  3 centaur skeletons (Ossuary)
  A gnoll bouda (D:4)
  An iguana (D:4)
  An orc wizard (D:5)
  A crocodile zombie (Ossuary)
  9 mummies (Ossuary)
  Robin (D:4)
  6 adders
  7 gnolls
  2 ufetubi (D:5)
  A dart slug (D:1)
  2 ribbon worms (D:4)
  13 orcs
  4 endoplasms
  4 giant cockroaches (D:1)
  9 hobgoblins
  5 jackals
  6 kobolds
  3 quokkas
  2 training dummies (D:4)
  3 bats
  A frilled lizard (D:1)
  4 gnoll skeletons (Ossuary)
  17 goblins
  A kobold skeleton (Ossuary)
  4 rats
  10 spectral rats (Ossuary)
135 creatures vanquished.

Notes
Turn   | Place    | Note
-------+----------+-------------------------------------------
     0 | D:1      | BerryKnight the Mountain Dwarf Alchemist began the quest
                  | for the Orb.
     0 | D:1      | Reached XP level 1. HP: 14/14 MP: 3/3
    68 | D:1      | Reached skill level 1 in Conjurations
    96 | D:1      | Reached XP level 2. HP: 13/20 MP: 0/5
   253 | D:1      | Reached XP level 3. HP: 26/26 MP: 4/6
   293 | D:2      | Found a glowing golden altar of the Shining One.
   332 | D:2      | Reached skill level 1 in Armour
   425 | D:2      | Found Cahitaog's Armour Boutique.
   454 | D:2      | Learned a level 2 spell: Mercury Vapours
   693 | D:3      | Reached XP level 4. HP: 32/33 MP: 4/7
   769 | D:3      | Found a transporter.
   774 | D:3      | Found a transporter.
   936 | D:3      | Reached skill level 2 in Armour
   936 | D:3      | Reached XP level 5. HP: 27/38 MP: 4/8
   993 | D:3      | Reached skill level 1 in Air Magic
  1167 | D:4      | Reached skill level 3 in Armour
  1167 | D:4      | Found a sand-covered staircase.
  1176 | Ossuary  | Entered an ossuary
  1192 | Ossuary  | Reached skill level 1 in Fire Magic
  1192 | Ossuary  | Reached XP level 6. HP: 34/45 MP: 10/10
  1309 | Ossuary  | Learned a level 4 spell: Sticky Flame
  1385 | Ossuary  | Found a basalt altar of Yredelemnul.
  1485 | Ossuary  | Reached XP level 7. HP: 18/50 MP: 11/11
  1512 | Ossuary  | Reached skill level 4 in Armour
  1616 | D:4      | Noticed Duvessa
  1616 | D:4      | Noticed Dowan
  1621 | D:4      | Killed Dowan
  1621 | D:4      | Killed Duvessa
  1817 | D:4      | Got the Incunable of the Entourage and Flux
  2058 | D:4      | Noticed Robin
  2078 | D:4      | Killed Robin
  2079 | D:4      | Reached skill level 5 in Armour
  2140 | D:5      | Entered Level 5 of the Dungeon
  2182 | D:5      | Reached XP level 8. HP: 16/57 MP: 1/13
  2386 | D:5      | Reached skill level 5 in Fire Magic
  2471 | D:5      | HP: 1/85 [orc priest/divine providence (8)]
  2484 | D:5      | Reached skill level 6 in Armour
  2531 | D:5      | HP: 1/57 [white imp/puff of frost (12)]
  2532 | D:5      | Succumbed to poison

Illustrated notes

Levels and vault maps discovered:
D:1:      dpeg_arrival_long_road, layout_rooms, item_on_display_a
D:2:      layout_loops_ring, serial_forest, infiniplex_forest_end_1,
          infiniplex_forest_clump_small, infiniplex_forest_side_room,
          infiniplex_forest_end_1, infiniplex_forest_clump_double,
          infiniplex_forest_end_3, infiniplex_forest_clump_curved,
          infiniplex_forest_straight_4, infiniplex_forest_end_2, basic_altar,
          serial_shops, shop, st_stairs_12
D:3:      gammafunk_steamed_eel, layout_basic
D:4:      dreamdust_elfheim, layout_loops_corners, nicolae_ossuary_entry_ruins,
          grunt_decor_resistance, uniq_robin
D:5:      layout_rooms, st_stairs_7, chequers_serial_rivers_room_b

Skill      XL: |  1  2  3  4  5  6  7  8 |
---------------+-------------------------+-----
Conjurations   | 1 2 |  2.4
Spellcasting   | 2 3 |  3.9
Armour         | 1 2 3 5 6 |  6.1
Dodging        | 2 |  2.0
Alchemy        | 3 4 |  4.0
Air Magic      | 1 |  1.0
Fire Magic     | 1 2 4 5 |  5.6
Stealth        | |  1.4

Action                     |  1- 3 |  4- 6 |  7- 9 || total
---------------------------+-------+-------+-------++-------
  Melee: Rapier            |    85 |    59 |       ||   144
         Flail             |       |   145 |   155 ||   300
   Cast: Sting             |    18 |    18 |    45 ||    81
         Mercury Vapours   |       |     3 |    19 ||    22
         Sticky Flame      |       |       |     2 ||     2
  Evoke: Wand              |       |    20 |       ||    20
    Use: Scroll            |       |     8 |     6 ||    14
         Potion            |       |     2 |    12 ||    14
   Stab: Invisible         |       |       |     1 ||     1
 Armour: Robe              |    17 |       |       ||    17
         Chain mail        |    47 |   202 |   289 ||   538
         Skin              |       |       |    14 ||    14
  Dodge: Dodged            |    45 |    77 |   117 ||   239

Table legend: (Time is in decaauts)
 A = Elapsed time spent in this place.
 B = Non-inter-level travel time spent in this place.
 C = Inter-level travel time spent in this place.
 D = Time resting spent in this place.
 E = Time spent auto-exploring this place.
 F = Levels seen in this place.
 G = Mean time per level.
                   A        B        C        D        E       F      G
               +--------+--------+--------+--------+--------+-----+--------+
         Total |   2641 |   2567 |     74 |     24 |      9 |   6 |  440.2 |
       Dungeon |   2186 |   2112 |     74 |     24 |      9 |   5 |  437.2 |
       Ossuary |    455 |    455 |      0 |      0 |      0 |   1 |  455.0 |
               +--------+--------+--------+--------+--------+-----+--------+

Top non-repeatable levels by time:
     D:4: 633 daAuts
     D:3: 537 daAuts
 Ossuary: 455 daAuts
     D:5: 368 daAuts
     D:2: 351 daAuts
     D:1: 295 daAuts
